[Event "Polish Youth G16 Championship 2023"]
[Site "Jastrzebia Gora"]
[Date "2023.03.16"]
[Round "6.10"]
[White "Romejko, Jagoda"]
[Black "Oborska, Magda"]
[Result "1/2-1/2"]
[ECO "D35"]
[WhiteElo "1483"]
[BlackElo "1613"]
[Annotator "NA RC COMBH"]
[PlyCount "81"]
[EventDate "2023.03.11"]
[EventType "swiss"]
[EventCountry "POL"]
[SourceTitle "playchess.com"]
[Source "ChessBase"]
[SourceQuality "1"]
[TimeControl "40/5400+30:1800+30"]

1. d4 d5 2. c4 e6 3. Nc3 Nf6 4. cxd5 exd5 5. Bg5 Be7 6. Nf3 O-O 7. e3 h6 8. Bf4 c6 9. Qc2 Nbd7 10. Bd3 Nb6 11. O-O Bd6 12. Be5 Re8 13. h3 Be6 14. Na4 Nxa4 15. Qxa4 Bxe5 16. Nxe5 Nd7 17. Nxd7 Bxd7 18. Qb4 Qg5 19. Kh2 b6 20. Rac1 f5 21. Qd6 Qe7 22. Qg6 Rf8 23. Rfe1 Rf6 24. Qg3 f4 25. Qh4 Qf7 26. f3 fxe3 27. Rxe3 Rf4 28. Qe7 Qxe7 29. Rxe7 Rd8 30. Bg6 Rf6 31. Bd3 Kf8 32. Rce1 Re8 33. Rxe8+ Bxe8 34. Kg3 Bd7 35. h4 Be8 36. Re5 g6 37. f4 Bd7 38. Kf3 Kf7 39. g4 Rd6 40. f5 gxf5 41. gxf5 1/2-1/2

[Event "Polish Youth G16 Championship 2023"]
[Site "Jastrzebia Gora"]
[Date "2023.03.16"]
[Round "6.11"]
[White "Pietryk, Joanna"]
[Black "Sprzeczka, Emilia"]
[Result "1-0"]
[ECO "C00"]
[WhiteElo "1488"]
[BlackElo "1887"]
[Annotator "NA RC COMBH"]
[PlyCount "71"]
[EventDate "2023.03.11"]
[EventType "swiss"]
[EventCountry "POL"]
[SourceTitle "playchess.com"]
[Source "ChessBase"]
[SourceQuality "1"]
[TimeControl "40/5400+30:1800+30"]

1. e4 e6 2. d4 d5 3. Bd3 Nf6 4. e5 Nfd7 5. f4 c5 6. c3 Nc6 7. Nf3 Be7 8. O-O O-O 9. Be3 cxd4 10. Nxd4 Nxd4 11. cxd4 f5 12. Nc3 a6 13. g4 g6 14. Kh1 Kh8 15. gxf5 gxf5 16. Rg1 Nc5 {[%emt 0:09:56] [#]} 17. Be2 $1 ({Much weaker is} 17. dxc5 $6 d4 $11) 17... Ne4 (17... Nd7 $16) 18. Nxe4 dxe4 19. Bc4 b5 20. Bb3 a5 21. a3 Rb8 22. Qh5 Rg8 23. Qf7 Bh4 24. Bxe6 Bxe6 25. Qxe6 Qf8 26. Rxg8+ Qxg8 27. Qxf5 Qb3 28. Qxe4 Qxb2 29. Rg1 (29. Rc1 $142 Qxa3 30. e6) 29... Qxa3 30. f5 Qe7 31. d5 Bf6 32. Bd4 Re8 33. d6 Qd8 34. Qd5 Bg7 35. e6 Bf6 36. e7 1-0

[Event "Polish Youth G16 Championship 2023"]
[Site "Jastrzebia Gora"]
[Date "2023.03.16"]
[Round "6.12"]
[White "Zgoda, Aleksandra"]
[Black "Kulczycka, Zofia"]
[Result "0-1"]
[ECO "D00"]
[WhiteElo "1308"]
[BlackElo "1547"]
[Annotator "NA RC COMBH"]
[PlyCount "62"]
[EventDate "2023.03.11"]
[EventType "swiss"]
[EventCountry "POL"]
[SourceTitle "playchess.com"]
[Source "ChessBase"]
[SourceQuality "1"]
[TimeControl "40/5400+30:1800+30"]

1. d4 d5 2. Bf4 Nf6 3. e3 e6 4. Nf3 Bd6 5. Ne5 O-O 6. Nd2 c5 7. c3 Qc7 8. Bd3 Nbd7 9. Ndf3 b5 10. Bxb5 Rb8 11. Nxd7 Nxd7 12. Bxd6 Qxd6 13. Bxd7 Bxd7 14. Qc2 cxd4 15. exd4 Bb5 16. a4 Bc4 17. Nd2 Qa6 18. Nxc4 Qxc4 19. O-O-O Rb3 20. Kd2 Rfb8 21. Rb1 Qxa4 22. Rhe1 Qb5 23. Kc1 a5 24. Re2 Qa4 25. f4 Qa2 26. Rf2 a4 27. f5 a3 28. Qd3 Rxb2 29. Rfxb2 Rxb2 30. h3 Qb3 31. Ra1 Rxg2 0-1

[Event "Polish Youth G16 Championship 2023"]
[Site "Jastrzebia Gora"]
[Date "2023.03.16"]
[Round "6.14"]
[White "Pniewska, Beata"]
[Black "Makarec, Anna"]
[Result "1-0"]
[ECO "A25"]
[WhiteElo "1448"]
[BlackElo "1271"]
[Annotator "NA RC COMBH"]
[PlyCount "67"]
[EventDate "2023.03.11"]
[EventType "swiss"]
[EventCountry "POL"]
[SourceTitle "playchess.com"]
[Source "ChessBase"]
[SourceQuality "1"]
[TimeControl "40/5400+30:1800+30"]

1. c4 e5 2. g3 Nc6 3. Bg2 g6 4. Nc3 Bg7 5. e3 d6 6. Nge2 h5 7. d4 h4 8. dxe5 Nxe5 9. f4 Nc6 10. Qc2 Nf6 11. Bd2 Be6 12. Nd5 Bg4 13. Nxf6+ Bxf6 14. Nc3 Qd7 15. Nd5 Bg7 16. h3 Bf5 17. e4 Be6 18. Bc3 Bxc3+ 19. Qxc3 O-O-O 20. g4 f5 21. exf5 gxf5 22. O-O-O fxg4 23. hxg4 Bxg4 24. Nf6 Qf5 25. Nxg4 Qxf4+ 26. Kb1 h3 27. Bxh3 Kb8 28. Nf6 Rh6 29. Rhf1 Qh4 30. Bg2 Ne5 31. Qxe5 a6 32. Qe7 Rdh8 33. Rxd6 Qxc4 34. Nd7+ 1-0

[Event "Polish Youth G16 Championship 2023"]
[Site "Jastrzebia Gora"]
[Date "2023.03.16"]
[Round "6.15"]
[White "Krzysztynska, Maria"]
[Black "Bandyk, Joanna"]
[Result "0-1"]
[ECO "E76"]
[WhiteElo "1335"]
[BlackElo "1459"]
[Annotator "NA RC COMBH"]
[PlyCount "54"]
[EventDate "2023.03.11"]
[EventType "swiss"]
[EventCountry "POL"]
[SourceTitle "playchess.com"]
[Source "ChessBase"]
[SourceQuality "1"]
[TimeControl "40/5400+30:1800+30"]

1. d4 Nf6 2. c4 g6 3. Nc3 Bg7 4. e4 d6 5. f4 O-O 6. Nf3 c5 7. dxc5 dxc5 8. Be3 b6 9. Bd3 Bb7 10. O-O Ng4 11. Bf2 Nc6 12. h3 Nxf2 13. Rxf2 Nd4 14. Rd2 Qc7 15. e5 Nxf3+ 16. gxf3 Bh6 17. Nb5 Qc8 18. f5 Bxd2 19. Qxd2 Kh8 20. Qg5 gxf5 21. Qxe7 Qd8 22. Qd6 Qg5+ 23. Kf2 Rad8 24. Qc7 Rxd3 25. Qxb7 Rd2+ 26. Ke1 Qe3+ 27. Kf1 Qf2# 0-1

[Event "Polish Youth G16 Championship 2023"]
[Site "Jastrzebia Gora"]
[Date "2023.03.16"]
[Round "6.16"]
[White "Nowak, Zuzanna"]
[Black "Sliwicka, Weronika"]
[Result "1/2-1/2"]
[ECO "B29"]
[WhiteElo "1427"]
[BlackElo "1374"]
[Annotator "NA RC COMBH"]
[PlyCount "61"]
[EventDate "2023.03.11"]
[EventType "swiss"]
[EventCountry "POL"]
[SourceTitle "playchess.com"]
[Source "ChessBase"]
[SourceQuality "1"]
[TimeControl "40/5400+30:1800+30"]

1. e4 c5 2. Nf3 Nf6 3. e5 Nd5 4. c3 Nc6 5. d4 cxd4 6. cxd4 d6 7. a3 g6 8. Nbd2 Bg7 9. Qe2 O-O 10. g3 Nb6 11. Bg2 Bg4 12. Qe3 dxe5 13. dxe5 Bxf3 14. Nxf3 Nc4 15. Qb3 N6xe5 16. Nxe5 Nxe5 17. O-O Nd3 18. Rd1 Nxc1 19. Raxc1 Qb6 20. Qxb6 axb6 21. Rc7 Bxb2 22. Rxe7 Rxa3 23. Rxb7 Ra1 24. Rxa1 Bxa1 25. Rxb6 Bd4 26. Rb7 Rd8 27. Bf1 Rc8 28. Rd7 Bb6 29. Rb7 Bd4 30. Rd7 Bb6 31. Rb7 1/2-1/2

[Event "Polish Youth G16 Championship 2023"]
[Site "Jastrzebia Gora"]
[Date "2023.03.16"]
[Round "6.17"]
[White "Michalska, Anna-Maria"]
[Black "Dura, Anna"]
[Result "1/2-1/2"]
[ECO "A13"]
[WhiteElo "1417"]
[BlackElo "1186"]
[Annotator "NA RC COMBH"]
[PlyCount "66"]
[EventDate "2023.03.11"]
[EventType "swiss"]
[EventCountry "POL"]
[SourceTitle "playchess.com"]
[Source "ChessBase"]
[SourceQuality "1"]
[TimeControl "40/5400+30:1800+30"]

1. c4 e6 2. e4 d5 3. exd5 exd5 4. cxd5 Qxd5 5. Nc3 Qd8 6. Bc4 Nf6 7. d4 Be7 8. h3 a6 9. a3 b5 10. Be2 Bb7 11. Nf3 O-O 12. O-O h6 13. b4 Ne4 14. Nxe4 Bxe4 15. Be3 Bf6 16. Qd2 Nc6 17. Rfd1 Qd7 18. Qc3 Qd6 19. Rd2 Rfd8 20. Rad1 Rac8 21. Ne1 Ne7 22. Bf3 Bxf3 23. Nxf3 Nd5 24. Qc5 Qe6 25. Re1 Nxe3 26. Rxe3 Qd6 27. Qc2 Rd7 28. Rde2 Rf8 29. Ne5 Rdd8 30. Re4 Qb6 31. Qc5 Qd6 32. Qc3 Qb6 33. Qc5 Qd6 1/2-1/2

[Event "Polish Youth G16 Championship 2023"]
[Site "Jastrzebia Gora"]
[Date "2023.03.16"]
[Round "6.18"]
[White "Butkiewicz, Hanna"]
[Black "Bauer, Maja"]
[Result "0-1"]
[ECO "B72"]
[WhiteElo "1120"]
[BlackElo "1383"]
[Annotator "NA RC COMBH"]
[PlyCount "62"]
[EventDate "2023.03.11"]
[EventType "swiss"]
[EventCountry "POL"]
[SourceTitle "playchess.com"]
[Source "ChessBase"]
[SourceQuality "1"]
[TimeControl "40/5400+30:1800+30"]

1. e4 c5 2. Nf3 d6 3. d4 cxd4 4. Nxd4 Nf6 5. Nc3 g6 6. Be3 Bg7 7. Nb3 O-O 8. Bd3 Nc6 9. O-O Be6 10. f4 Ng4 11. Qe2 Nxe3 12. Qxe3 Bxb3 13. Qg3 Be6 14. f5 Bd7 15. a3 Qb6+ 16. Kh1 Qxb2 17. Nd5 Qe5 18. Qh4 e6 19. Ne7+ Nxe7 20. Qxe7 Bc6 21. Qh4 Rac8 22. f6 Bh8 23. Rab1 a6 24. c4 b5 25. cxb5 Bxb5 26. Bxb5 axb5 27. Rb4 Rc4 28. h3 Rfc8 29. Rxc4 bxc4 30. Qg4 Bxf6 31. Qf3 c3 0-1

[Event "Polish Youth G16 Championship 2023"]
[Site "Jastrzebia Gora"]
[Date "2023.03.16"]
[Round "6.19"]
[White "Domeradzka, Karolina"]
[Black "Niedorys, Karolina"]
[Result "1/2-1/2"]
[ECO "B23"]
[WhiteElo "1194"]
[BlackElo "1458"]
[Annotator "NA RC COMBH"]
[PlyCount "80"]
[EventDate "2023.03.11"]
[EventType "swiss"]
[EventCountry "POL"]
[SourceTitle "playchess.com"]
[Source "ChessBase"]
[SourceQuality "1"]
[TimeControl "40/5400+30:1800+30"]

1. e4 c5 2. Nc3 d6 3. d4 cxd4 4. Qxd4 e5 5. Qd2 Be6 6. b3 Be7 7. Bb2 Nf6 8. O-O-O Qa5 9. Kb1 a6 10. f3 Nc6 11. h4 Rc8 12. Nge2 O-O 13. g4 Rfd8 14. Nd5 Qxd2 15. Rxd2 Bxd5 16. exd5 Nb8 17. c4 b5 18. Ng3 b4 19. Nf5 Bf8 20. Bd3 g6 21. Ng3 a5 22. Bc1 Bg7 23. Re2 Na6 24. Rf1 Nc5 25. Bc2 Ra8 26. Ne4 Nfxe4 27. fxe4 a4 28. Ref2 axb3 29. axb3 Rd7 30. h5 Rda7 31. Bb2 Bh6 32. Rf6 Be3 33. Rd1 Bd4 34. Rxd4 exd4 35. Bxd4 Ra6 36. e5 dxe5 37. Rxa6 Nxa6 38. Bxe5 Rd8 39. Kc1 Kf8 40. Kd2 Ke7 1/2-1/2

[Event "Polish Youth G16 Championship 2023"]
[Site "Jastrzebia Gora"]
[Date "2023.03.16"]
[Round "6.20"]
[White "Gajec, Roza"]
[Black "Kaczmarek, Paulina"]
[Result "0-1"]
[ECO "B78"]
[WhiteElo "1341"]
[BlackElo "1317"]
[Annotator "NA RC COMBH"]
[PlyCount "108"]
[EventDate "2023.03.11"]
[EventType "swiss"]
[EventCountry "POL"]
[SourceTitle "playchess.com"]
[Source "ChessBase"]
[SourceQuality "1"]
[TimeControl "40/5400+30:1800+30"]

1. e4 c5 2. Nf3 d6 3. d4 cxd4 4. Nxd4 Nf6 5. Nc3 g6 6. Be3 Bg7 7. f3 O-O 8. Qd2 Nc6 9. Bc4 Bd7 10. O-O-O Rc8 11. Bb3 Ne5 12. Kb1 Nc4 13. Bxc4 Rxc4 14. g4 b5 15. Ncxb5 Bxb5 16. Nxb5 Qb8 17. Nd4 Rfc8 18. Rc1 Nd7 19. Nb3 Nc5 20. Bxc5 R4xc5 21. c3 Rc4 22. h4 h6 23. h5 g5 24. f4 Bf6 25. Rcf1 Rxe4 26. fxg5 Bxg5 27. Qd5 Rf4 28. Rxf4 Bxf4 29. Rf1 e5 30. Ka1 Qc7 31. Nd2 Qc6 32. Qd3 d5 33. Kb1 Rc7 34. Nb3 Qe6 35. Qe2 Qb6 36. Qd3 Qc6 37. Na5 Qc5 38. Nb3 Qc4 39. Qd1 Qe4+ 40. Ka1 f6 41. Re1 Qc4 42. Na5 Qb5 43. Nb3 Rg7 44. Nc1 Qd7 45. Rg1 Bxc1 46. Qxc1 Rxg4 47. b3 Rg5 48. Qf1 Kg7 49. Rxg5+ hxg5 50. Qd3 e4 51. Qd4 Qf7 52. c4 dxc4 53. bxc4 Qe7 54. Qe3 Kh6 0-1

[Event "Polish Youth G16 Championship 2023"]
[Site "Jastrzebia Gora"]
[Date "2023.03.16"]
[Round "6.21"]
[White "Predkiewicz, Paulina"]
[Black "Ekner, Maria"]
[Result "1-0"]
[ECO "C45"]
[WhiteElo "1402"]
[BlackElo "1337"]
[Annotator "NA RC COMBH"]
[PlyCount "57"]
[EventDate "2023.03.11"]
[EventType "swiss"]
[EventCountry "POL"]
[SourceTitle "playchess.com"]
[Source "ChessBase"]
[SourceQuality "1"]
[TimeControl "40/5400+30:1800+30"]

1. e4 e5 2. Nf3 Nc6 3. d4 exd4 4. Nxd4 Bc5 5. Nb3 Bb6 6. Nc3 Nf6 7. Qe2 d6 8. Be3 O-O 9. f3 Be6 10. O-O-O Qe7 11. g4 Bxe3+ 12. Qxe3 h6 13. h4 Nh7 14. Be2 Ne5 15. Rdg1 Nc4 16. Qf2 a5 17. a4 f6 18. f4 Nb6 19. Qh2 Bc4 20. Bxc4+ Nxc4 21. g5 c5 22. g6 f5 23. gxh7+ Kxh7 24. exf5 Qe3+ 25. Kb1 Rxf5 26. Qg2 Na3+ 27. bxa3 Qxc3 28. Qg6+ Kh8 29. Qxf5 1-0

[Event "Polish Youth G16 Championship 2023"]
[Site "Jastrzebia Gora"]
[Date "2023.03.16"]
[Round "6.22"]
[White "Idzior, Izabela"]
[Black "Racis, Dominika"]
[Result "1-0"]
[ECO "B18"]
[WhiteElo "1287"]
[BlackElo "1201"]
[Annotator "NA RC COMBH"]
[PlyCount "73"]
[EventDate "2023.03.11"]
[EventType "swiss"]
[EventCountry "POL"]
[SourceTitle "playchess.com"]
[Source "ChessBase"]
[SourceQuality "1"]
[TimeControl "40/5400+30:1800+30"]

1. e4 c6 2. d4 d5 3. Nc3 dxe4 4. Nxe4 Bf5 5. Ng3 Bg6 6. Nh3 Nf6 7. c3 Nbd7 8. Nf4 e6 9. Bc4 Nd5 10. Nxg6 hxg6 11. Bxd5 cxd5 12. Bf4 Nb6 13. Qf3 g5 14. Bc1 Rh4 15. Nf1 Re4+ 16. Be3 Nc4 17. b3 Qa5 18. Rc1 Nxe3 19. fxe3 Qxa2 20. Nd2 Rh4 21. O-O f6 22. Qe2 Qa5 23. e4 Kf7 24. Nf3 Rh6 25. Nxg5+ Ke7 26. Nh3 Rh4 27. Nf4 Kd8 28. g3 Rh6 29. Nxe6+ Kd7 30. Qg4 Kc6 31. c4 Qa2 32. cxd5+ Kb5 33. Nc7+ Kb4 34. Rf2 Qxb3 35. Qe2 Rc8 36. Rf3 Qa4 37. Rc4+ 1-0

[Event "Polish Youth G16 Championship 2023"]
[Site "Jastrzebia Gora"]
[Date "2023.03.16"]
[Round "6.23"]
[White "Danek, Wiktoria"]
[Black "Lach, Alicja"]
[Result "0-1"]
[ECO "A57"]
[WhiteElo "1161"]
[BlackElo "1231"]
[Annotator "NA RC COMBH"]
[PlyCount "112"]
[EventDate "2023.03.11"]
[EventType "swiss"]
[EventCountry "POL"]
[SourceTitle "playchess.com"]
[Source "ChessBase"]
[SourceQuality "1"]
[TimeControl "40/5400+30:1800+30"]

1. d4 Nf6 2. c4 c5 3. d5 b5 4. b3 g6 5. Bb2 Bg7 6. Nf3 bxc4 7. bxc4 d6 8. e3 O-O 9. Bd3 Nbd7 10. Nbd2 Qa5 11. O-O Rb8 12. Nb3 Qc7 13. Qc2 Ng4 14. Bxg7 Kxg7 15. h3 Nge5 16. Nbd2 Ba6 17. Nxe5 Nxe5 18. Qc3 Kg8 19. Rab1 Rb6 20. f4 Nd7 21. e4 Rfb8 22. Rxb6 Rxb6 23. Nf3 Nf6 24. e5 Nh5 25. Nh4 dxe5 26. fxe5 f6 27. exf6 Rxf6 28. Rxf6 exf6 29. Nf3 Qg3 30. Qe1 Qxe1+ 31. Nxe1 Nf4 32. Bf1 g5 33. Nd3 Bxc4 34. Nxf4 Bxf1 35. Kxf1 gxf4 36. Ke2 Kf7 37. Kd3 Ke7 38. Kc3 Kd6 39. Kc4 a6 40. a3 h6 41. a4 h5 42. h4 f5 43. a5 f3 44. gxf3 f4 45. Kc3 Kxd5 46. Kd3 c4+ 47. Kc3 Kc5 48. Kc2 Kb4 49. Kb2 Kxa5 50. Kc3 Kb5 51. Kc2 Kb4 52. Kb2 c3+ 53. Kc2 Kc4 54. Kc1 Kd3 55. Kd1 c2+ 56. Kc1 a5 0-1

[Event "Polish Youth G16 Championship 2023"]
[Site "Jastrzebia Gora"]
[Date "2023.03.17"]
[Round "7.1"]
[White "Szczotka, Klara"]
[Black "Siekanska, Maria"]
[Result "1-0"]
[ECO "B90"]
[WhiteElo "1739"]
[BlackElo "1996"]
[Annotator "TA"]
[PlyCount "67"]
[EventDate "2023.03.11"]
[EventType "swiss"]
[EventCountry "POL"]
[SourceTitle "playchess.com"]
[Source "ChessBase"]
[SourceQuality "1"]
[TimeControl "40/5400+30:1800+30"]

1. e4 c5 2. Nf3 d6 3. d4 cxd4 4. Nxd4 Nf6 5. Nc3 a6 6. Be3 e6 7. f3 b5 8. a3 Bb7 9. Qd2 {[%emt 0:00:34] B80: Sicilian Scheveningen: 6 g3 and 6 Be3, including English Attack.} Nbd7 10. g4 Nb6 11. O-O-O {[%emt 0:01:30] The position is equal.} Rc8 12. h4 Nfd7 13. Rh3 Be7 14. g5 Ne5 15. Qe1 Nec4 16. Bg1 Qc7 17. f4 {[%emt 0:11:09][%cal Bf3f4,Bf4f5,Bf5f6][%mdl 32] [#]} b4 $146 ({Predecessor:} 17... d5 18. Bxc4 Nxc4 19. exd5 Bxd5 20. f5 Bb7 21. fxe6 O-O 22. Bh2 Qa5 23. Nd5 Bxd5 24. Nf5 Bc5 25. e7 Rfe8 26. Qxa5 Nxa5 {½-½ Fass,R (2314)-Rodriguez,K (2406) USA-ch19 sf08 email 2010}) 18. axb4 {[%emt 0:07:11] aiming for b3.} d5 19. exd5 Nxd5 (19... Bxb4 $16 20. f5 (20. dxe6 O-O $16) 20... Bxd5) 20. Nxd5 (20. Bh2 $18) 20... Bxd5 $16 21. Bxc4 (21. b3 {with more complications.} Na3 22. c4 Nxc4 23. bxc4 Bxc4 24. Bxc4 Qxc4+ 25. Kb1) 21... Bxc4 22. f5 {[%emt 0:04:56] And now f6 would win.} e5 $2 {[%emt 0:02:58] [#] A mistake that costs the game.} (22... O-O $16) 23. f6 $1 $18 gxf6 (23... exd4 24. Rxd4) 24. gxf6 {[%emt 0:00:10] Threatens to win with Nf5.} exd4 25. Qxe7+ ({Less strong is} 25. fxe7 Be6 26. Rh2 Rg8 $16) (25. Rxd4 $142 Bd3 26. Rh2 (26. Rdxd3 $2 Qxc2#) (26. Qxe7+ Qxe7 27. fxe7 Bf5 $18)) 25... Qxe7 26. fxe7 Kxe7 27. Bxd4 Rhg8 28. Bc5+ Kf6 $2 (28... Ke8 29. Rc3 (29. Re3+ Be6 $18) 29... Be6) 29. Rf3+ Ke5 30. Re1+ Kd5 31. Rxf7 Rg6 $2 (31... Rce8 32. Rd1+ Ke5) 32. Rxh7 {[%emt 0:01:50] White is clearly winning.} a5 33. Rh5+ Kc6 34. bxa5 {[%emt 0:00:59] Weighted Error Value: White=0.54/Black=0.46} 1-0

[Event "Polish Youth G16 Championship 2023"]
[Site "Jastrzebia Gora"]
[Date "2023.03.17"]
[Round "7.2"]
[White "Bar, Klaudia"]
[Black "Tokarz, Izabela"]
[Result "1/2-1/2"]
[ECO "B42"]
[WhiteElo "1731"]
[BlackElo "1725"]
[Annotator "NA RC COMBH"]
[PlyCount "116"]
[EventDate "2023.03.11"]
[EventType "swiss"]
[EventCountry "POL"]
[SourceTitle "playchess.com"]
[Source "ChessBase"]
[SourceQuality "1"]
[TimeControl "40/5400+30:1800+30"]

1. e4 c5 2. Nf3 e6 3. d4 cxd4 4. Nxd4 a6 5. Bd3 Bc5 6. Nb3 Ba7 7. O-O Nc6 8. Nc3 Nf6 9. Qe2 d6 10. Bd2 O-O 11. Kh1 e5 12. f4 Ng4 13. h3 exf4 14. Rxf4 Nge5 15. Nd5 Ng6 16. Rf3 Nce5 17. Rg3 Be6 18. Rf1 Bxd5 19. exd5 Re8 20. Qh5 Nxd3 21. Rxd3 Qd7 22. Bc3 Re4 23. Rdf3 Rf8 24. Qf5 Qxf5 25. Rxf5 f6 26. Na5 Ne7 27. R5f3 b6 28. Nb7 Nxd5 29. Nxd6 Re2 30. Rg3 Bb8 31. Rd3 Nxc3 32. bxc3 Rxc2 33. Nf5 g6 34. Ne7+ Kg7 35. a4 Be5 36. Nd5 b5 37. axb5 axb5 38. Rfd1 Rf7 39. Kg1 Ra7 40. R1d2 Ra1+ 41. Kf2 Rxd2+ 42. Rxd2 Rc1 43. Rb2 Bxc3 44. Nxc3 Rxc3 45. Rxb5 g5 46. Rb7+ Kg6 47. Rb8 h5 48. Rg8+ Kf5 49. Rb8 h4 50. Rb5+ Kg6 51. Rb6 Rc4 52. Kf3 Rf4+ 53. Ke3 Rf5 54. Ra6 Re5+ 55. Kf3 Kf5 56. Rb6 Rc5 57. Rb3 Ke5 58. Re3+ Kf5 1/2-1/2

[Event "Polish Youth G16 Championship 2023"]
[Site "Jastrzebia Gora"]
[Date "2023.03.17"]
[Round "7.3"]
[White "Ziobrowska, Maja"]
[Black "Pawicka, Magdalena"]
[Result "1/2-1/2"]
[ECO "C73"]
[WhiteElo "1758"]
[BlackElo "1805"]
[Annotator "NA RC COMBH"]
[PlyCount "120"]
[EventDate "2023.03.11"]
[EventType "swiss"]
[EventCountry "POL"]
[SourceTitle "playchess.com"]
[Source "ChessBase"]
[SourceQuality "1"]
[TimeControl "40/5400+30:1800+30"]

1. e4 e5 2. Nf3 Nc6 3. Bb5 a6 4. Ba4 d6 5. Bxc6+ bxc6 6. d4 f6 7. Nc3 Ne7 {[%emt 0:08:33] 7...Ne7 scores better than 7...g6.} 8. Be3 Ng6 9. O-O Be7 10. Qd3 Be6 11. d5 cxd5 12. Nxd5 {[%emt 0:00:11] [#]} O-O $146 ({Predecessor:} 12... Qd7 13. Rfd1 O-O 14. c4 Bg4 15. Nd2 Bxd1 16. Rxd1 Rab8 17. b3 Bd8 18. c5 Nh4 {0-1 Littlewood,J-Sliwa,B Christmas Congress 1960/61-36 Premier (4)}) 13. h4 f5 14. Bg5 h6 15. exf5 (15. Nxe5 $1 $11 {remains equal.} fxe4 16. Qd1 Bxg5 17. Nxg6) 15... Bxf5 16. Qc4 Kh8 17. Bxe7 Nxe7 18. Ne3 Bh7 19. Rad1 Qc8 20. Qe2 Qb7 21. c4 Ng6 22. Nd5 Nf4 23. Nxf4 Rxf4 24. c5 e4 25. Qe3 Raf8 (25... Rf5 $17 26. Nd4 Rxc5) 26. Nd4 Rxh4 27. Ne6 Rg8 28. cxd6 cxd6 29. Rxd6 Qxb2 30. Rxa6 Qb5 31. Ra3 Qh5 32. f3 Re8 33. Nf4 Qg5 34. Nh3 Qg6 35. f4 Rg4 36. Rf2 Rd8 37. Kh2 Qd6 38. Rc3 Qd5 39. a3 Qd1 40. Rc1 Qd3 41. Qxd3 exd3 42. Rd2 Rg6 43. Nf2 Ra6 44. Rc3 Rda8 45. Ra2 (45. Nxd3 $2 {is the wrong capture.} Rd6 46. g4 Be4 $19) 45... Rd8 (45... Rd6 $15 46. Rd2 Rd4) 46. Rd2 Re6 47. a4 (47. Nxd3 $2 {loses.} Red6 48. a4 Bxd3 $19) 47... Ra6 $11 48. Ra3 Rd4 49. Kg3 Raxa4 50. Rxa4 Rxa4 51. Kf3 g5 52. fxg5 hxg5 53. g3 Kg7 54. Ke3 Kf6 55. Nxd3 Ra3 56. Kd4 Rxd3+ 57. Rxd3 Bxd3 58. Kxd3 Kf5 59. Ke3 Kg4 60. Kf2 Kf5 1/2-1/2

[Event "Polish Youth G16 Championship 2023"]
[Site "Jastrzebia Gora"]
[Date "2023.03.17"]
[Round "7.4"]
[White "Pastuszko, Katarzyna"]
[Black "Smietanska, Wiktoria"]
[Result "0-1"]
[ECO "B53"]
[WhiteElo "1286"]
[BlackElo "1954"]
[Annotator "TA"]
[PlyCount "106"]
[EventDate "2023.03.11"]
[EventType "swiss"]
[EventCountry "POL"]
[SourceTitle "playchess.com"]
[Source "ChessBase"]
[SourceQuality "1"]
[TimeControl "40/5400+30:1800+30"]

1. e4 c5 2. Nf3 d6 3. d4 cxd4 4. Qxd4 Nf6 5. Nc3 Nc6 6. Bb5 Bd7 7. Bxc6 Bxc6 8. Bg5 Nd7 9. O-O-O {[%emt 0:02:42] B53: Sicilian: 2...d6: Lines with Qxd4.} Qa5 10. Kb1 Rc8 11. Rhe1 {[%emt 0:09:15] White is slightly better.} e6 12. h4 {[%emt 0:04:30] [#]} b5 $146 ({Predecessor:} 12... h6 13. Be3 a6 14. Nd2 b5 15. Nb3 Qc7 16. f4 Ba8 17. g4 Qc4 18. Na5 Qxd4 19. Bxd4 {0-1 Skliarov,V (2384)-Bacrot,E (2647) Titled Tuesday intern op 13th Sep Early blitz 2022 (3)}) 13. h5 {[%emt 0:12:14] aiming for h6.} h6 14. Bh4 b4 15. Ne2 (15. Nd5 $1 $16) 15... Qxh5 16. Nf4 (16. Qxb4 $11 Qc5 17. Qxc5 Nxc5 18. Nc3) 16... Qc5 $17 {[%emt 0:02:58] Threatens to win with ...Qxd4.} 17. Qd2 a5 18. Nd3 (18. Nd4 $142) 18... Qb6 19. Nh2 Ba4 20. Rc1 Nc5 ({Black should play} 20... g5 $19 21. Bg3 Bg7) 21. f4 Qc6 ({Better is} 21... Nxd3 $17 22. cxd3 Rxc1+ 23. Rxc1 Qa6) 22. Nxc5 $15 Qxc5 23. e5 d5 (23... Be7 {looks sharper.} 24. Bxe7 Kxe7 25. Ng4 Rhd8) 24. g4 Be7 (24... Bd7 $17 25. Bf2 Qc4) 25. Bxe7 $11 Qxe7 26. f5 Qc5 (26... Bd7 $15 27. f6 gxf6) 27. fxe6 (27. Nf3 {was preferrable.}) 27... fxe6 {[%emt 0:00:05] ...0-0 would be deadly.} 28. Qd3 $2 {[%emt 0:00:37][%mdl 8192] [#] Loses the game.} (28. Nf3 $15) 28... O-O $1 $19 {[%emt 0:03:33] Strongly threatening ...Rf2.} 29. g5 $2 {[%emt 0:02:55] [#]} (29. Rf1 {might work better.}) 29... Bxc2+ 30. Qxc2 Qxc2+ {[%emt 0:00:06][%mdl 64] Remove Defender} 31. Rxc2 Rxc2 {[%emt 0:00:04][%mdl 64] Remove Defender} ({Much less strong is} 31... hxg5 32. Rxc8 Rxc8 33. Nf3 $18) 32. Kxc2 {[%emt 0:00:05][%mdl 4096] Endgame And now Rf1 would win. KRN-KR} Rf2+ ({Not} 32... hxg5 33. Kd2 $11) 33. Kb3 Rxh2 34. gxh6 gxh6 {[%emt 0:00:32] White must now prevent ...h5. KR-KR} ({Worse is} 34... Rxh6 35. Ka4 $17) 35. Ka4 $2 (35. Rb1) 35... Rxb2 36. Kxa5 Kh7 37. Rf1 Rxa2+ 38. Kxb4 Re2 39. Rf7+ Kg8 40. Rf6 Rxe5 41. Rxh6 Kg7 {[%emt 0:00:34] Black mates.} 42. Rh1 d4 43. Rd1 Re4 44. Kc4 e5 45. Kd5 Re3 46. Kc4 Kf6 47. Rd2 Ke6 48. Rd1 Rc3+ 49. Kb4 Kd5 50. Re1 Rc8 51. Re2 Rb8+ 52. Ka3 d3 53. Rd2 Kc4 {[%emt 0:00:05] Weighted Error Value: White=0.95/Black=0.36} 0-1

[Event "Polish Youth G16 Championship 2023"]
[Site "Jastrzebia Gora"]
[Date "2023.03.17"]
[Round "7.5"]
[White "Seemann, Pola"]
[Black "Szopa, Emilia"]
[Result "1-0"]
[ECO "B32"]
[WhiteElo "1714"]
[BlackElo "1709"]
[Annotator "NA RC COMBH"]
[PlyCount "69"]
[EventDate "2023.03.11"]
[EventType "swiss"]
[EventCountry "POL"]
[SourceTitle "playchess.com"]
[Source "ChessBase"]
[SourceQuality "1"]
[TimeControl "40/5400+30:1800+30"]

1. e4 c5 2. Nf3 Nc6 3. d4 cxd4 4. Nxd4 e5 5. Nb5 d6 6. c4 Be6 7. N5c3 Rc8 8. Nd5 Bxd5 9. exd5 Nce7 10. Qa4+ Qd7 11. Qxd7+ Kxd7 12. Nc3 f5 13. f3 Nf6 14. Be3 b6 15. a4 f4 16. Bf2 Rb8 17. Bd3 g6 18. Kd2 Nf5 19. Rhb1 Kc7 20. a5 Kd8 21. Nb5 a6 22. Bxb6+ Kd7 23. Nc7 Nd4 24. b4 Bh6 25. Nxa6 Rb7 26. Bxd4 exd4 27. b5 g5 28. h3 g4 29. hxg4 Kd8 30. Nb4 Nxg4 31. a6 Rg7 32. a7 Ne3 33. a8=Q+ Ke7 34. Ra7+ Kf6 35. Qxh8 1-0